 Dungeon Crawl Stone Soup version 0.30-a0-799-g109b55a442 (webtiles) character file.

Game seed: 5428344716912580652

152 bande the Shield-Bearer (level 5, -8/33 HPs)
             Began as a Gargoyle Fighter on Feb 21, 2023.
             Mangled by Crazy Yiuf
             ... wielding a +2 quarterstaff of chaos
              (11 damage)
             ... on level 3 of the Dungeon.
             The game lasted 00:04:14 (3220 turns).

bande the Shield-Bearer (Gargoyle Fighter)          Turns: 3220, Time: 00:04:15

Health: -8/33      AC: 15    Str: 19    XL:     5   Next: 34%
Magic:  5/5        EV:  7    Int:  9    God:
Gold:   196        SH:  4    Dex: 11    Spells: 4/4 levels left

rFire   . . .      SeeInvis .    a - +0 war axe
rCold   . . .      Faith    .    c - +0 buckler
rNeg    + + .      Spirit   .    l - +0 chain mail
rPois   ∞          Reflect  .    f - +0 helmet
rElec   +          Harm     .    (no cloak)
rCorr   .          Rampage  .    (no gloves)
Will    .....                    b - +0 pair of boots Stlth
                                 (no amulet)
HPRegen 0.25/turn                e - ring of positive energy
MPRegen 0.09/turn                (no ring)

@: hasted, very quick
A: sickness immunity, AC +4, negative energy resistance 1, electricity
resistance, torment resistance 1, petrification resistance
a: no special abilities


You were on level 3 of the Dungeon.
You visited 1 branch of the dungeon, and saw 3 of its levels.

You collected 196 gold pieces.

Inventory:

Hand Weapons
 a - a +0 war axe (weapon)
Armour
 b - a +0 pair of boots (worn)
 c - a +0 buckler (worn)
 f - a +0 helmet (worn)
 l - a +0 chain mail (worn)
Jewellery
 e - a ring of positive energy (left hand)
Potions
 d - a potion of might
 g - 2 potions of mutation {unknown}
 i - a potion of degeneration {unknown}
 j - a potion of curing {unknown}
 k - 2 potions of invisibility


   Skills:
 + Level 4.0 Fighting
 + Level 3.4 Axes
 + Level 4.0 Armour
 + Level 4.2 Shields


You had 4 spell levels left.
You didn't know any spells.
Your spell library contained the following spells:

 Spells                   Type           Power      Damage    Failure   Level
 Poisonous Vapours        Pois/Air       0%         N/A       100%        2
 Inner Flame              Hex/Fire       0%         N/A       100%        3
 Mephitic Cloud           Conj/Pois/Air  0%         N/A       100%        3
 Cause Fear               Hex            0%         N/A       100%        4
 Petrify                  Tmut/Erth      0%         N/A       100%        4
 Storm Form               Tmut/Air       0%         N/A       100%        7
 Discord                  Hex            0%         N/A       100%        8
 Cigotuvi's Dreadful Rot  Necr/Pois/Air  Unusable   N/A       N/A         2

Dungeon Overview and Level Annotations

Branches:
Dungeon (3/15)

Altars:

Annotations:
D:3 Crazy Yiuf


Innate Abilities, Weirdness & Mutations

You are immune to sickness and miasma.
Your stone body is resilient. (AC +4)
You are immune to poison.
You resist negative energy. (rN+)
You are resistant to electric shocks. (rElec)
You are resistant to unholy torment.
You are immune to petrification.


Message History

Found a hammer.
Found a hammer.
Found a hammer.
Found a hammer.
You see here a +0 hammer.
You see here a +0 hammer.
Found seven hammers.
Found a runed translucent door.
You see here a +0 hammer.
Found a hammer.
Crazy Yiuf shouts!
You see here a +0 hammer.
You see here a +0 hammer.
Found two hammers.
You see here a +0 hammer.
As you open the door, it creaks loudly!
Crazy Yiuf drinks a potion.
Crazy Yiuf suddenly seems more resistant.
Crazy Yiuf hits you with a +2 quarterstaff of chaos!
You resist with some effort.
There is an open translucent door here.
You slash Crazy Yiuf!
Crazy Yiuf is heavily wounded.
Crazy Yiuf hits you with a +2 quarterstaff of chaos!
You suddenly lose the ability to move!
Crazy Yiuf hits you but does no damage.
Crazy Yiuf hits you with a +2 quarterstaff of chaos.
* * * LOW HITPOINT WARNING * * *
You feel yourself speed up.
Crazy Yiuf says, "Fire!
Candle bag down."
Crazy Yiuf hits you with a +2 quarterstaff of chaos.
* * * LOW HITPOINT WARNING * * *
Crazy Yiuf whimpers, "Cards hand canine!"
Crazy Yiuf hits you with a +2 quarterstaff of chaos.
* * * LOW HITPOINT WARNING * * *
You can move again.
You hit Crazy Yiuf.
Crazy Yiuf is severely wounded.
Crazy Yiuf says, "Iron!
Shadow sing song."
Crazy Yiuf hits you with a +2 quarterstaff of chaos!
You die...

#.............>..................
#.......................(.#######
#.........................#
..........#######################
#.........# ##...... #.........#
♣♣♣♣♣##....... #.........# ####
♣♣♣)♣)P#......). #.........#
#)))#♣))♣).P......... #.........#
#.)g@)♣♣♣♣P)......... #......[..#
#)))#♣♣ ♣♣P#........ #.........
#### ♣♣######### ########
#....... ######.. #########.#
......)....


You could see Crazy Yiuf (resistant).

Vanquished Creatures
  An orc wizard (D:2)
  Robin (D:3)
  3 adders (D:2)
  2 dart slugs
  3 orcs
  5 endoplasms
  2 giant cockroaches (D:1)
  4 hobgoblins
  4 jackals
  3 quokkas
  5 ball pythons
  4 bats
  13 frilled lizards
  13 goblins
  11 kobolds
  7 rats
81 creatures vanquished.

Vanquished Creatures (others)
  3 plants (D:2)
3 creatures vanquished.

Grand Total: 84 creatures vanquished

Notes
Turn   | Place    | Note
-------+----------+-------------------------------------------
     0 | D:1      | bande the Gargoyle Fighter began the quest for the Orb.
     0 | D:1      | Reached XP level 1. HP: 14/14 MP: 1/1
   313 | D:1      | Reached XP level 2. HP: 15/19 MP: 2/2
   333 | D:1      | Got the Grimoire of Evolving Poisoning
   805 | D:1      | Reached XP level 3. HP: 16/23 MP: 3/3
  1711 | D:2      | Reached XP level 4. HP: 28/28 MP: 4/4
  2468 | D:3      | Noticed Robin
  2484 | D:2      | Reached XP level 5. HP: 28/33 MP: 5/5
  2870 | D:3      | Killed Robin
  3209 | D:3      | Found a runed translucent door.
  3210 | D:3      | Noticed Crazy Yiuf
  3215 | D:3      | Paralysed by Crazy Yiuf for 5 turns
  3220 | D:3      | Mangled by Crazy Yiuf

Illustrated notes

Levels and vault maps discovered:
D:1:      kilobyte_arrival_exit_the_forest, layout_basic
D:2:      minmay_inner_zag, layout_basic, minmay_lizard_king
D:3:      layout_basic, gammafunk_temple_overflow_pools, uniq_grinder,
          uniq_sigmund, uniq_crazy_yiuf_cottage, uniq_ijyb, uniq_robin

Skill      XL: |  1  2  3  4  5 |
---------------+----------------+-----
Axes           | 2 3 |  3.4
Shields        | 4 |  4.2
Armour         | 4 |  4.0
Fighting       | 4 |  4.0

Action                     |  1- 3 |  4- 6 || total
---------------------------+-------+-------++-------
  Melee: War axe           |   133 |   103 ||   236
    Use: Scroll            |       |     5 ||     5
 Armour: Scale mail        |    42 |       ||    42
         Chain mail        |    38 |    73 ||   111
  Dodge: Dodged            |    69 |    46 ||   115
  Block: Buckler           |    39 |    29 ||    68

Table legend: (Time is in decaauts)
 A = Elapsed time spent in this place.
 B = Non-inter-level travel time spent in this place.
 C = Inter-level travel time spent in this place.
 D = Time resting spent in this place.
 E = Time spent auto-exploring this place.
 F = Levels seen in this place.
 G = Mean time per level.
                   A        B        C        D        E       F      G
               +--------+--------+--------+--------+--------+-----+--------+
         Total |   3330 |   3225 |    105 |    454 |   2089 |   3 | 1110.0 |
       Dungeon |   3330 |   3225 |    105 |    454 |   2089 |   3 | 1110.0 |
               +--------+--------+--------+--------+--------+-----+--------+

Top non-repeatable levels by time:
     D:2: 1706 daAuts
     D:1: 1310 daAuts
     D:3: 313 daAuts
